 Dungeon Crawl Stone Soup version 0.30-a0-883-g5ad918d77d (webtiles) character file.

Game seed: 18241551649030655219

45533 Zdeegee the Thaumaturge (level 14, -3/114 HPs)
             Began as a Pale Draconian Air Elementalist on Mar 10, 2023.
             Was a High Priest of Vehumet.
             Slain by a red ugly thing (8 damage)
             ... on level 5 of the Lair of Beasts on Mar 15, 2023.
             The game lasted 01:30:08 (24211 turns).

Zdeegee the Thaumaturge (DrAE)                     Turns: 24211, Time: 01:30:09

Health: -3/114     AC: 11    Str: 11    XL:     14   Next: 1%
Magic:  8/30       EV: 14    Int: 20    God:    Vehumet [*****.]
Gold:   978        SH:  0    Dex: 12    Spells: 7/38 levels left

rFire   + + .      SeeInvis .    M - +11 rapier of Ceadeuq {drain, rN+}
rCold   x . .      Faith    .    (no shield)
rNeg    + . .      Spirit   .    (body armour unavailable)
rPois   .          Reflect  .    C - +0 hat
rElec   .          Rampage  .    D - +0 cloak {rCorr}
rCorr   +                        (no gloves)
Will    +....                    w - +1 pair of boots
Stlth   +                        S - amulet of magic regeneration
HPRegen 0.39/turn                P - ring of protection from fire
MPRegen 0.62/turn                T - ring of fire

@: confused, short of breath, ambrosia-drunk, studying Axes
A: breathe steam, AC +8, unfitting armour, cold-blooded, steam resistance
a: Breathe Steam, Renounce Religion


You were on level 5 of the Lair of Beasts.
You worshipped Vehumet.
Vehumet was extremely pleased with you.
You visited 2 branches of the dungeon, and saw 16 of its levels.
You also visited: Volcano.

You collected 1026 gold pieces.
You spent 48 gold pieces at shops.

Inventory:

Hand Weapons
 m - a +2 flail of venom
 I - a +1 whip of protection
 K - the +4 mace "Kovvynua" {holy, Str+2}
   (You found it on level 10 of the Dungeon)

   Str:       It affects your strength (+2).
 M - the +11 rapier of Ceadeuq (weapon) {drain, rN+}
   (You found it on level 3 of the Lair of Beasts)

   rN:        It protects you from negative energy.
Armour
 w - a +1 pair of boots (worn)
 C - a +0 hat (worn)
 D - a +0 cloak of preservation (worn)
Magical Staves
 x - a staff of cold
Jewellery
 z - an amulet of faith
 F - a ring of magical power
 P - a ring of protection from fire (left hand)
 Q - a ring of wizardry
 R - a ring of willpower
 S - an amulet of magic regeneration (around neck)
 T - a ring of fire (right hand)
Wands
 g - a wand of flame (2)
 n - a wand of acid (14)
 J - a wand of charming (6)
 L - a wand of digging (4)
 O - a wand of iceblast (10)
Scrolls
 b - 2 scrolls of enchant armour
 d - 2 scrolls of vulnerability
 f - 2 scrolls of enchant weapon
 h - 4 scrolls of teleportation
 i - 2 scrolls of fog
 j - 4 scrolls of poison
 o - a scroll of fear
 v - 4 scrolls of amnesia
 y - a scroll of noise
 G - a scroll of immolation {unknown}
Potions
 a - 3 potions of magic
 e - 4 potions of ambrosia
 k - a potion of might
 l - 5 potions of berserk rage
 q - 2 potions of brilliance
 r - 2 potions of haste
 s - 7 potions of curing
 t - 2 potions of lignification
 u - 6 potions of attraction
 E - 3 potions of cancellation
 H - 3 potions of mutation {unknown}
 N - 3 potions of resistance {unknown}
Miscellaneous
 c - a box of beasts


   Skills:
 * Level 7.9 Fighting
 + Level 0.7 Short Blades
 + Level 1.5 Maces & Flails
 * Level 6.9 Dodging
 + Level 2.6 Stealth
 + Level 5.1 Shields
 * Level 12.6 Spellcasting
 * Level 8.4 Conjurations
 * Level 9.3 Fire Magic
 * Level 11.4 Air Magic
 * Level 7.9 Evocations


You had 7 spell levels left.
You knew the following spells:

 Your Spells              Type           Power      Damage    Failure   Level
a - Shock                 Conj/Air       100%       1d9       1%          1
b - Static Discharge      Conj/Air       100%       2-7/arc   1%          2
c - Swiftness             Air            55%        N/A       1%          3
d - Airstrike             Air            27%        2d(4-20)  1%          4
e - Scorch                Fire           100%       2d10      1%          2
f - Fireball              Conj/Fire      32%        3d14      1%          5
g - Flame Wave            Conj/Fire      64%        2d15      1%          4
h - Sticky Flame          Conj/Fire      64%        2d8       1%          4
i - Starburst             Conj/Fire      32%        6d10      6%          6

Your spell library contained the following spells:

 Spells                   Type           Power      Damage    Failure   Level
 Yara's Violent Unravell  Hex/Tmut       6%         3d5       36%         5
 Foxfire                  Conj/Fire      100%       2x1d9     1%          1
 Kiss of Death            Conj/Necr      100%       2d13      1%          1
 Dazzling Flash           Conj/Hex       58%        N/A       1%          3
 Stone Arrow              Conj/Erth      58%        3d10      1%          3
 Iskenderun's Mystic Bla  Conj/Tloc      29%        2d7       2%          4
 Frozen Ramparts          Ice            24%        1d4       4%          3
 Necrotise                Necr           48%        1d6       5%          1
 Summon Small Mammal      Summ           48%        N/A       5%          1
 Irradiate                Conj/Tmut      14%        3d16      7%          5
 Ensorcelled Hibernation  Hex/Ice        24%        N/A       9%          2
 Passwall                 Tmut/Erth      10%        N/A       9%          2
 Sublimation of Blood     Necr           12%        N/A       9%          2
 Call Canine Familiar     Summ           12%        N/A       16%         3
 Confusing Touch          Hex            12%        N/A       16%         3
 Ozocubu's Armour         Ice            12%        N/A       16%         3
 Portal Projectile        Hex/Tloc       24%        N/A       16%         3
 Summon Guardian Golem    Hex/Summ       12%        N/A       16%         3
 Vampiric Draining        Necr           12%        2d6       16%         3
 Dispel Undead            Necr           12%        3d9       47%         4
 Ice Form                 Ice/Tmut       12%        N/A       47%         4
 Leda's Liquefaction      Hex/Erth       6%         N/A       47%         4
 Petrify                  Tmut/Erth      12%        N/A       47%         4
 Summon Ice Beast         Ice/Summ       12%        N/A       47%         4
 Agony                    Necr           12%        N/A       83%         5
 Metabolic Englaciation   Hex/Ice        6%         N/A       83%         5
 Simulacrum               Ice/Necr       6%         N/A       100%        6
 Statue Form              Tmut/Erth      8%         N/A       100%        6
 Lehudib's Crystal Spear  Conj/Erth      14%        10d5      100%        8
 Animate Armour           Summ/Erth      Unusable   N/A       N/A         4

Dungeon Overview and Level Annotations

Branches:
Dungeon (11/15)            Temple (0/1) D:7            Lair (5/5) D:11
 Shoals (0/4) Lair:2       Spider (0/4) Lair:3        Slime (0/5) Lair:5
    Orc (0/2) D:11        Volcano (visited)

Altars:
Ashenzari
Cheibriados
Dithmenos
Elyvilon
Gozag
Hepliaklqana
Nemelex Xobeh
Qazlal
Ru
Sif Muna
Trog
Uskayaw
Vehumet
Wu Jian
Xom
Zin
Jiyva

Shops:
D:8 *   D:9 (   D:10 *


Innate Abilities, Weirdness & Mutations

You can breathe blasts of scalding, opaque steam.
Your pale cyan-grey scales are hard. (AC +8)
You cannot fit into any form of body armour.
You are cold-blooded and may be slowed by cold attacks.
You are immune to the effects of steam.


Message History

You are engulfed in flames.
You resist.
* * * LOW HITPOINT WARNING * * *
The orc sorcerer gestures wildly while chanting.
The red devil hits you but does no damage.
The barbed spikes dig painfully into your body as you move.
* * * LOW HITPOINT WARNING * * *
Welcome back to the Lair of Beasts!
There is a collapsed entrance here.
You feel much better. The red ugly thing bites you!
* * * LOW HITPOINT WARNING * * *
You are engulfed in flames!
You resist.
* * * LOW HITPOINT WARNING * * *
Casting: Airstrike (safe; 1% risk of failure)
Confirm with . or Enter, or press ? or * to list all spells.
Okay, then.
Unknown command.
Casting: Airstrike (safe; 1% risk of failure)
Confirm with . or Enter, or press ? or * to list all spells.
Okay, then.
Unknown command.
Aiming: Charm
Press: ? - help, Shift-Dir - straight line, f - red ugly thing
Aim: a red ugly thing (moderately wounded, chance to affect: 50%)
The red ugly thing resists with some effort.
The red ugly thing bites you.
* * * LOW HITPOINT WARNING * * *
You are engulfed in flames.
You resist.
* * * LOW HITPOINT WARNING * * *
Aiming: Charm
Press: ? - help, Shift-Dir - straight line, f/p - red ugly thing
Aim: a red ugly thing (moderately wounded, chance to affect: 50%)
The red ugly thing resists with some effort.
You carefully extract the barbed spikes from your body.
The red ugly thing bites you.
* * * LOW HITPOINT WARNING * * *
You are engulfed in flames.
You resist.
* * * LOW HITPOINT WARNING * * *
You are confused.
You feel invigorated. The red ugly thing bites you!
You die...

######## ###......## ##.........#
#P........#* ###...##..#
#..####..# ########..####..# ****
..P#.##..##≈≈§..## *,,********
....#....###≈≈..@# **,,,**,,*,**
....#....##≈≈≈.u## *,,,,,*,,,,,*
.........####≈..# *,,,,,,,,,,,**
.........#####..# **,,,,,,,,,,,**
..†.........##..#**,,,,,,,,,,,,,*
..÷÷.............,,,,,,,,,,,,,,,,
......P..........,,,,,,,,,,,,,,,,
.#.#P#..##.....#.,******,,,*,,,,,
#########,.....**** **,*,**,,,,,


You could see a red ugly thing.

Vanquished Creatures
  2 hydras
  A catoblepas (Lair:4)
  A centaur warrior (D:11)
  A two-headed ogre (D:8)
  3 death yaks (Lair:4)
  A skyshark (Lair:3)
  A deep elf zephyrmancer (D:6)
  2 harpies (Lair:2)
  An oklob plant (Lair:4)
  11 elephants
  A torpor snail (Lair:5)
  A smoke demon (Volcano)
  6 black mambas
  6 cane toads
  2 kobold demonologists (D:10)
  7 komodo dragons
  3 rime drakes
  2 red devils (Volcano)
  A queen bee (D:9)
  3 trolls
  2 polar bears
  21 blink frogs
  Grinder (D:6)
  The ghost of TheSexyCheese the Insei, an amateur OpTm (D:3)
  A shadow (D:10)
  4 wyverns
  2 wraiths (D:11)
  42 yaks
  7 fire bats (Volcano)
  2 basilisks
  2 wargs (D:6)
  2 steam dragons
  A vampire mosquito (Lair:5)
  20 water moccasins
  7 orc warriors
  2 ice beasts
  10 ogres (D:6)
  5 black bears
  5 centaurs
  12 wolves
  5 kobold brigands
  3 phantoms
  19 bullfrogs
  3 gnoll sergeants (D:6)
  7 scorpions
  11 wights
  32 killer bees
  An electric eel (D:10)
  7 howler monkeys
  6 lava snakes (Volcano)
  11 hounds
  An iron imp (D:5)
  Crazy Yiuf (D:7)
  2 gnoll boudas
  10 jellies
  13 orc priests
  4 iguanas
  3 sleepcaps
  16 orc wizards
  2 centaur simulacra (D:10)
  Robin (D:4)
  4 adders
  11 gnolls
  4 white imps
  6 ufetubi
  4 worms
  A dart slug (D:1)
  40 orcs
  8 bats
  6 endoplasms
  4 giant cockroaches
  22 goblins
  6 hobgoblins
  7 jackals
  11 kobolds
  2 quokkas
  8 ball pythons
  4 frilled lizards
  4 rats
515 creatures vanquished.

Vanquished Creatures (others)
  A molten gargoyle (Volcano)
  An orc wizard (D:6)
  A goblin (D:4)
  65 fungi
  132 plants
  2 withered plants (D:3)
202 creatures vanquished.

Grand Total: 717 creatures vanquished

Notes
Turn   | Place    | Note
-------+----------+-------------------------------------------
     0 | D:1      | Zdeegee the Draconian Air Elementalist began the quest for
                  | the Orb.
     0 | D:1      | Reached XP level 1. HP: 14/14 MP: 3/3
   196 | D:1      | Reached XP level 2. HP: 22/22 MP: 0/5
   356 | D:1      | Reached skill level 1 in Fighting
   447 | D:1      | Reached XP level 3. HP: 21/28 MP: 1/6
   450 | D:1      | Learned a level 2 spell: Static Discharge
   454 | D:1      | Learned a level 3 spell: Swiftness
  1026 | D:2      | Found a faded altar of an unknown god.
  1154 | D:2      | Reached skill level 1 in Evocations
  1258 | D:2      | Reached XP level 4. HP: 32/35 MP: 0/7
  2292 | D:2      | Reached skill level 1 in Shields
  2357 | D:3      | Reached XP level 5. HP: 33/41 MP: 2/9
  2692 | D:3      | Reached skill level 3 in Spellcasting
  2697 | D:3      | Learned a level 4 spell: Airstrike
  2837 | D:3      | Found a runed translucent door.
  2838 | D:3      | Noticed TheSexyCheese's ghost (amateur OpTm)
  3014 | D:3      | Found a radiant altar of Vehumet.
  3070 | D:3      | Became a worshipper of Vehumet
  3139 | D:3      | Found a hide-covered altar of Uskayaw.
  3547 | D:3      | Killed TheSexyCheese's ghost
  3548 | D:3      | Reached skill level 1 in Fire Magic
  3548 | D:3      | Reached XP level 6. HP: 40/48 MP: 3/11
  3944 | D:3      | Your scales start taking on a pale cyan-grey colour.
  3944 | D:3      | Reached XP level 7. HP: 28/55 MP: 0/12
  3944 | D:3      | Gained mutation: You are immune to the effects of steam.
                  | [Pale Draconian growth]
  4161 | D:4      | Found an ornate altar of the Wu Jian Council.
  4254 | D:4      | Found a shimmering blue altar of Sif Muna.
  4280 | D:4      | Reached skill level 4 in Spellcasting
  4363 | D:4      | Reached * piety under Vehumet
  4363 | D:4      | Offered knowledge of Freeze by Vehumet.
  4363 | D:4      | Noticed Robin
  4382 | D:4      | Killed Robin
  4891 | D:4      | Reached skill level 5 in Air Magic
  5135 | D:4      | Found a sacrificial altar of Ru.
  5374 | D:4      | Upgraded the game from 0.30-a0-867-g305f33218d to
                  | 0.30-a0-879-ga8ba668304
  5405 | D:5      | Entered Level 5 of the Dungeon
  5757 | D:5      | Found a white marble altar of Elyvilon.
  5785 | D:5      | Reached XP level 8. HP: 61/62 MP: 2/14
  6476 | D:5      | Found a snail-covered altar of Cheibriados.
  6607 | D:5      | Reached skill level 5 in Spellcasting
  7480 | D:6      | Found a shadowy altar of Dithmenos.
  7512 | D:6      | Found a bloodstained altar of Trog.
  7514 | D:6      | Offered knowledge of Scorch by Vehumet.
  7515 | D:6      | Reached XP level 9. HP: 71/71 MP: 6/17
  7518 | D:6      | Learned a level 2 spell: Scorch
  7594 | D:6      | Reached ** piety under Vehumet
  7996 | D:6      | Reached skill level 6 in Spellcasting
  8318 | D:6      | Offered knowledge of Ignite Poison by Vehumet.
  8658 | D:6      | Noticed a deep elf zephyrmancer
  8660 | D:6      | Killed a deep elf zephyrmancer
  8661 | D:6      | Reached skill level 7 in Spellcasting
  8817 | D:6      | Reached *** piety under Vehumet
  8832 | D:6      | Reached XP level 10. HP: 80/80 MP: 1/20
  8992 | D:6      | Reached skill level 5 in Conjurations
  9242 | D:6      | Learned a level 5 spell: Fireball
  9249 | D:6      | Reached skill level 1 in Maces & Flails
  9394 | D:6      | Offered knowledge of Flame Wave by Vehumet.
  9400 | D:6      | Learned a level 4 spell: Flame Wave
  9521 | D:6      | Noticed Grinder
  9527 | D:6      | Killed Grinder
 10569 | D:7      | Found a staircase to the Ecumenical Temple.
 10954 | D:7      | Reached **** piety under Vehumet
 11115 | D:7      | Found a hazy altar of Hepliaklqana.
 11603 | D:7      | Found a runed translucent door.
 11604 | D:7      | Noticed Crazy Yiuf
 11610 | D:7      | Killed Crazy Yiuf
 11700 | D:8      | Noticed a two-headed ogre
 11705 | D:8      | Killed a two-headed ogre
 11705 | D:8      | Offered knowledge of Hailstorm by Vehumet.
 11706 | D:8      | Reached skill level 5 in Fighting
 11706 | D:8      | Reached skill level 8 in Spellcasting
 11706 | D:8      | Reached skill level 5 in Fire Magic
 11706 | D:8      | Reached skill level 5 in Evocations
 12225 | D:8      | Noticed an angel
 12226 | D:8      | Found a glowing silver altar of Zin.
 12228 | D:8      | Found a shimmering altar of Xom.
 12237 | D:8      | Found a sparkling altar of Nemelex Xobeh.
 12395 | D:8      | Found an opulent altar of Gozag.
 12413 | D:8      | Found Gozag's Platinum Reserve.
 12496 | D:8      | Found a broken altar of Ashenzari.
 12650 | D:9      | Upgraded the game from 0.30-a0-879-ga8ba668304 to
                  | 0.30-a0-881-g1ff12e1e11
 12921 | D:9      | Reached XP level 11. HP: 46/86 MP: 17/23
 13395 | D:9      | Reached skill level 5 in Dodging
 13775 | D:9      | Found a stormy altar of Qazlal.
 13877 | D:9      | Reached skill level 5 in Shields
 13989 | D:9      | Found Rujitiox's Antique Weapon Boutique.
 14527 | D:10     | Entered Level 10 of the Dungeon
 14533 | D:10     | Reached skill level 9 in Spellcasting
 15049 | D:10     | Found Wuel's General Store.
 15053 | D:10     | Bought a scroll of fear for 48 gold pieces
 15085 | D:10     | Reached ***** piety under Vehumet
 15375 | D:10     | Offered knowledge of Sticky Flame by Vehumet.
 15469 | D:10     | Identified the +4 mace "Kovvynua" {holy, Str+2}
 15905 | D:11     | Noticed a centaur warrior
 15911 | D:11     | Killed a centaur warrior
 16494 | D:11     | Found a staircase to the Lair.
 16519 | D:11     | Found a staircase to the Orcish Mines.
 16557 | D:11     | Reached skill level 10 in Spellcasting
 16588 | D:11     | Learned a level 4 spell: Sticky Flame
 16952 | Lair:1   | Entered Level 1 of the Lair of Beasts
 16952 | Lair:1   | You fall into a shaft and drop 1 floor!
 17272 | Lair:1   | Reached XP level 12. HP: 96/96 MP: 21/26
 17592 | Lair:1   | Learned a level 6 spell: Starburst
 18226 | Lair:2   | Reached skill level 10 in Air Magic
 19050 | Lair:2   | Found a staircase to the Shoals.
 19564 | Lair:2   | Upgraded the game from 0.30-a0-881-g1ff12e1e11 to
                  | 0.30-a0-883-g5ad918d77d
 20034 | Lair:3   | Reached skill level 11 in Spellcasting
 20633 | Lair:3   | Offered knowledge of Yara's Violent Unravelling by Vehumet.
 20807 | Lair:3   | Reached XP level 13. HP: 105/105 MP: 22/28
 21294 | Lair:3   | Identified the +11 rapier of Ceadeuq {drain, rN+}
 21575 | Lair:3   | Found a hole to the Spider Nest.
 23399 | Lair:4   | Reached skill level 12 in Spellcasting
 23513 | Lair:5   | Entered Level 5 of the Lair of Beasts
 23864 | Lair:5   | Found a viscous altar of Jiyva.
 23864 | Lair:5   | Found a staircase to the Slime Pits.
 23908 | Lair:5   | Found a dark tunnel.
 23919 | Volcano  | Entered a volcano
 24188 | Volcano  | Found a burning altar of Makhleb.
 24191 | Volcano  | Reached XP level 14. HP: 106/114 MP: 30/30
 24210 | Lair:5   | HP: 1/114 [red ugly thing (6)]
 24211 | Lair:5   | Slain by a red ugly thing

Illustrated notes

Levels and vault maps discovered:
D:1:      nzn_arrival_depleted_hourglass, layout_rooms
D:2:      layout_loops_ring, hellmonk_ecumenical_altar_run_dry,
          chequers_serial_rivers_large_a, columned_hall_lemuel,
          chequers_serial_rivers_micro_b
D:3:      layout_basic, mainiacjoe_overflow_cross_hatched,
          lemuel_coloured_pillars_altar, gammafunk_ghost_grave
D:4:      layout_layer_cave, nicolae_ru_path_of_blood,
          overflow_temple_1_default, mainiacjoe_overflow_brackets,
          minmay_manual_monstrance, uniq_robin
D:5:      layout_loops_cross, slow_altar_1, elyvilon_altar_1, minivault_26,
          kennysheep_generic_room_11
D:6:      lemuel_castle_with_subvaults [lemuel_castle_interior_carwin_1],
          layout_basic, lemuel_crystal_altar, mainiacjoe_overflow_chevrons,
          guppyfry_early_elven_hall, uniq_grinder
D:7:      layout_basic, nicolae_hepliaklqana_hazy_memory, temple_green,
          uniq_crazy_yiuf_cottage
D:8:      layout_rooms, grunt_temple_overflow_order_and_chaos_1,
          kennysheep_little_box, nicolae_overflow_crystal_walls,
          nicolae_gozag_zags_fifth_avenue
D:9:      layout_gridville, nicolae_qazlal_scattered_showers, serial_shops,
          nicolae_inconvenience_store, st_stairs_14, minivault_7
D:10:     layout_irregular_city, serial_ice, serial_ice_l, serial_ice_g,
          serial_ice_h, serial_ice_n, serial_shops, shop
D:11:     layout_basic, due_lair_maze_entry_diamond,
          minmay_orc_entry_temple_small
Lair:1:   layout_gridlike
Lair:2:   layout_regular_city, nicolae_shoals_entry_roost, beast_lair_carwin_7
Lair:3:   layout_cave_pods, nicolae_spider_entry_non_spiders,
          beast_lair_carwin_10, lemuel_fruit_tree, grunt_megastairs_3
Lair:4:   beast_lair_carwin_large_2, layout_cave_shapes, grunt_megastairs_4
Lair:5:   minmay_lair_end_frog_pond, layout_hall_layers,
          minmay_slime_entry_jelly_boxes, nicolae_volcano_entry_hallway

Skill      XL: |  1  2  3  4  5  6  7  8  9 10 11 12 13 |
---------------+----------------------------------------+-----
Dodging        | 2 3 4 5 6 |  6.9
Fighting       | 1 2 3 4 5 6 7 |  7.9
Evocations     | 1 2 3 4 5 7 |  7.9
Shields        | 1 2 3 4 5 |  5.1
Spellcasting   | 3 4 5 7 8 10 11 12 | 12.6
Conjurations   | 2 3 4 5 6 7 8 |  8.4
Stealth        | 2 |  2.6
Fire Magic     | 1 2 3 5 6 8 9 |  9.3
Air Magic      | 4 5 6 7 8 9 10 11 | 11.4
Maces & Flails | 1 |  1.5
Short Blades   | |  0.7

Action                     |  1- 3 |  4- 6 |  7- 9 | 10-12 | 13-15 || total
---------------------------+-------+-------+-------+-------+-------++-------
  Melee: Dagger            |    22 |       |       |       |       ||    22
         Tailslap          |     7 |     3 |     9 |     2 |     2 ||    23
         Short sword       |    18 |    32 |    16 |       |       ||    66
         Flail             |       |       |    37 |    32 |       ||    69
         Mace              |       |       |       |    26 |     3 ||    29
         Punch             |       |       |       |     1 |       ||     1
   Cast: Shock             |    54 |    71 |   182 |   247 |    56 ||   610
         Static Discharge  |     3 |    16 |    33 |   102 |    26 ||   180
         Airstrike         |       |     1 |    25 |    79 |    63 ||   168
         Scorch            |       |       |     5 |   126 |    35 ||   166
         Fireball          |       |       |       |    66 |    31 ||    97
         Flame Wave        |       |       |       |     1 |     2 ||     3
         Sticky Flame      |       |       |       |    36 |    31 ||    67
         Swiftness         |       |       |       |     1 |       ||     1
         Starburst         |       |       |       |       |     6 ||     6
Ability: Breathe Steam     |       |       |     9 |     6 |     9 ||    24
  Evoke: Wand              |       |     9 |     1 |     1 |     7 ||    18
    Use: Scroll            |     3 |     1 |     1 |     9 |     8 ||    22
         Potion            |       |       |       |     1 |    11 ||    12
   Stab: Sleeping          |       |     1 |       |       |       ||     1
 Armour: Skin              |    19 |    11 |    44 |   102 |    63 ||   239
  Dodge: Dodged            |    47 |    38 |    72 |   194 |   128 ||   479

Table legend: (Time is in decaauts)
 A = Elapsed time spent in this place.
 B = Non-inter-level travel time spent in this place.
 C = Inter-level travel time spent in this place.
 D = Time resting spent in this place.
 E = Time spent auto-exploring this place.
 F = Levels seen in this place.
 G = Mean time per level.
                   A        B        C        D        E       F      G
               +--------+--------+--------+--------+--------+-----+--------+
         Total |  24262 |  23830 |    432 |   4883 |  15620 |  17 | 1427.2 |
       Dungeon |  16988 |  16649 |    339 |   2835 |  11672 |  11 | 1544.4 |
          Lair |   6986 |   6894 |     92 |   2006 |   3788 |   5 | 1397.2 |
       Volcano |    287 |    287 |      0 |     42 |    160 |   1 |  287.0 |
               +--------+--------+--------+--------+--------+-----+--------+

Top non-repeatable levels by time:
     D:6: 3489 daAuts
  Lair:3: 2128 daAuts
  Lair:2: 1865 daAuts
  Lair:4: 1799 daAuts
     D:4: 1648 daAuts
     D:9: 1597 daAuts
     D:7: 1572 daAuts
     D:3: 1411 daAuts
     D:2: 1395 daAuts
     D:5: 1336 daAuts
    D:11: 1316 daAuts
     D:8: 1150 daAuts
    D:10: 1108 daAuts
  Lair:1: 1015 daAuts
     D:1: 961 daAuts
